 Dungeon Crawl Stone Soup version 0.30-a0-743-gbfdf073431 (webtiles) character file.

Game seed: 15997543779251970006

40 kingofthe the Chopper (level 3, -2/35 HPs)
             Began as a Gnoll Chaos Knight on Feb 5, 2023.
             Was a Plaything of Xom.
             Killed from afar by Natasha (10 damage)
             ... with a bolt of dispelling energy
             ... on level 2 of the Dungeon.
             The game lasted 00:01:51 (658 turns).

kingofthe the Chopper (Gnoll Chaos Knight)           Turns: 658, Time: 00:01:52

Health: -2/35      AC:  5    Str: 11    XL:     3   Next: 50%
Magic:  4/4        EV: 12    Int: 11    God:    Xom [*.....]
Gold:   77         SH:  0    Dex: 11    Spells: 3/3 levels left

rFire   . . .      SeeInvis .    a - +0 hand axe (chaos)
rCold   . . .      Faith    .    (no shield)
rNeg    . . .      Spirit   .    k - +2 leather armour
rPois   .          Reflect  .    (no helmet)
rElec   .          Harm     .    (no cloak)
rCorr   .          Rampage  .    (no gloves)
Will    +....                    (no boots)
Stlth   +                        (no amulet)
HPRegen 0.25/turn                i - ring of willpower
MPRegen 0.09/turn                (no ring)

@: no status effects
A: fangs 1, strong nose, distributed training, clumsy 1
a: Renounce Religion


You were on level 2 of the Dungeon.
You worshipped Xom.
You were a special plaything of Xom.
You visited 1 branch of the dungeon, and saw 2 of its levels.

You collected 77 gold pieces.

Inventory:

Hand Weapons
 a - a +0 hand axe of chaos (weapon)
 b - a +0 sling
Armour
 k - a +2 leather armour (worn)
Jewellery
 i - a ring of willpower (left hand)
Scrolls
 d - a scroll of silence {unknown}
 f - 2 scrolls of blinking {unknown}
 g - 2 scrolls of noise {unknown}
 j - 2 scrolls of identify {unknown}
 l - a scroll of fear {unknown}
Potions
 e - 2 potions of degeneration {unknown}
 h - a potion of ambrosia {unknown}
 m - a potion of flight {unknown}
Miscellaneous
 c - a piece from Xom's chessboard (15/15) (quivered)


   Skills:
 + Level 6.5 Fighting
 + Level 0.9 Short Blades
 + Level 0.9 Long Blades
 + Level 6.5 Axes
 + Level 0.9 Maces & Flails
 + Level 0.9 Polearms
 + Level 0.9 Staves
 + Level 0.9 Ranged Weapons
 + Level 0.9 Throwing
 + Level 4.5 Armour
 + Level 2.6 Dodging
 + Level 0.9 Stealth
 + Level 0.9 Shields
 + Level 0.9 Unarmed Combat
 + Level 0.9 Spellcasting
 + Level 0.6 Conjurations
 + Level 0.6 Hexes
 + Level 0.6 Summonings
 + Level 0.6 Necromancy
 + Level 0.6 Translocations
 + Level 0.6 Transmutations
 + Level 0.6 Fire Magic
 + Level 0.6 Ice Magic
 + Level 0.6 Air Magic
 + Level 0.6 Earth Magic
 + Level 0.6 Poison Magic
 + Level 1.0 Invocations
 + Level 0.9 Evocations


You had 3 spell levels left.
You didn't know any spells.
Your spell library contained the following spells:

 Spells                   Type           Power      Damage    Failure   Level
 Necrotise                Necr           4%         1d4       32%         1
 Blink                    Tloc           2%         N/A       43%         2
 Lesser Beckoning         Tloc           2%         N/A       43%         2
 Momentum Strike          Conj/Tloc      2%         3d8       43%         2
 Vampiric Draining        Necr           1%         2d6       67%         3
 Agony                    Necr           1%         N/A       100%        5


Dungeon Overview and Level Annotations

Branches:
Dungeon (2/15)

Altars:

Annotations:
D:2 Natasha


Innate Abilities, Weirdness & Mutations

You have very sharp teeth.
Your uncanny sense of smell can sniff out nearby items.
Your experience applies equally to all skills.
You are clumsy. (Dex -2)


Message History

Natasha, Servant of Life and Death opens the door.
She is carrying a wand of quicksilver (8).
You are too injured to fight recklessly!
You are too injured to fight recklessly!
Natasha barely misses you.
There is an open door here.
You barely miss Natasha.
Natasha is moderately wounded.
Natasha hisses.
Natasha misses you.
You hit Natasha but do no damage.
Natasha is moderately wounded.
Natasha closely misses you.
You hit Natasha.
Natasha is poisoned.
Natasha is severely wounded.
Natasha mumbles some strange words.
You hit Natasha.
Natasha is almost dead.
Natasha stares at you and mumbles some strange words.
The magic dart hits you!
* * * LOW HITPOINT WARNING * * *
You closely miss Natasha.
Natasha is almost dead.
Natasha claws you but does no damage.
You closely miss Natasha.
Natasha is almost dead.
Natasha barely misses you.
You barely miss Natasha.
Natasha is almost dead.
You hit the iron imp. Natasha casts a spell at you.
You resist with almost no effort.
The iron imp hits you but does no damage.
You closely miss Natasha. You bite Natasha, but do no damage.
Natasha is almost dead.
You hit the iron imp.
Natasha wildly gestures.
You feel troubled.
Natasha zaps a wand.
The bolt of dispelling energy hits you!
You die...
Xom is highly amused!

.. ######## ... .?##.
#......# ###..#. .#..
#.##.### ...>... .###...
#....# ...... .....!.
#..### ................
#..# ..#+#........... #..#
..#.#..........5#######..#
..#.#... ......h@........#
.....# .......########.#
.....# ....... #.#
.....###+####### #.#
#........# #.# #...).##.#
#.# #.....##.# #.#
..#......# #.# ..###.####
#.#


You could see an iron imp (summoned) and Natasha (very poisoned).

Vanquished Creatures
  A worm (D:2)
  A dart slug (D:1)
  2 bats (D:1)
  2 endoplasms
  4 goblins
  8 hobgoblins
  3 jackals (D:1)
  A quokka (D:1)
  4 ball pythons (D:1)
  A frilled lizard (D:1)
  2 kobolds
  A rat (D:1)
30 creatures vanquished.

Notes
Turn   | Place    | Note
-------+----------+-------------------------------------------
     0 | D:1      | kingofthe the Gnoll Chaos Knight began the quest for the
                  | Orb.
     0 | D:1      | Reached XP level 1. HP: 23/23 MP: 1/1
    59 | D:1      | Reached XP level 2. HP: 29/29 MP: 2/2
   263 | D:1      | Reached XP level 3. HP: 35/35 MP: 3/3
   285 | D:1      | XOM: silly message
   411 | D:1      | XOM: give mutation
   411 | D:1      | Gained mutation: You are clumsy. (Dex -2) [Xom's mischief]
   495 | D:2      | Reached skill level 1 in Invocations
   641 | D:2      | Noticed Natasha
   658 | D:2      | Killed from afar by Natasha

Illustrated notes

Levels and vault maps discovered:
D:1:      nzn_arrival_crosshair, layout_basic
D:2:      kennysheep_big_flooded_room, layout_basic,
          shapermc_ecumenical_altar_gd, kennysheep_generic_room_2, uniq_natasha

Skill      XL: |  1  2  3 |
---------------+----------+-----
Invocations    | 1 |  1.0
Fighting       | |  6.5
Short Blades   | |  0.9
Long Blades    | |  0.9
Axes           | |  6.5
Maces & Flails | |  0.9
Polearms       | |  0.9
Staves         | |  0.9
Ranged Weapons | |  0.9
Throwing       | |  0.9
Armour         | |  4.5
Dodging        | |  2.6
Stealth        | |  0.9
Shields        | |  0.9
Unarmed Combat | |  0.9
Spellcasting   | |  0.9
Conjurations   | |  0.6
Hexes          | |  0.6
Summonings     | |  0.6
Necromancy     | |  0.6
Translocations | |  0.6
Transmutations | |  0.6
Fire Magic     | |  0.6
Ice Magic      | |  0.6
Air Magic      | |  0.6
Earth Magic    | |  0.6
Poison Magic   | |  0.6
Evocations     | |  0.9

Action                     || total
---------------------------++-------
  Melee: Hand axe          ||    54
         Bite              ||     8
         Punch             ||     2
   Fire: Sling             ||    16
 Armour: Leather armour    ||    22
  Dodge: Dodged            ||    33

Table legend: (Time is in decaauts)
 A = Elapsed time spent in this place.
 B = Non-inter-level travel time spent in this place.
 C = Inter-level travel time spent in this place.
 D = Time resting spent in this place.
 E = Time spent auto-exploring this place.
 F = Levels seen in this place.
 G = Mean time per level.
                   A        B        C        D        E       F      G
               +--------+--------+--------+--------+--------+-----+--------+
         Total |    660 |    616 |     44 |      3 |    451 |   2 |  330.0 |
       Dungeon |    660 |    616 |     44 |      3 |    451 |   2 |  330.0 |
               +--------+--------+--------+--------+--------+-----+--------+

Top non-repeatable levels by time:
     D:1: 459 daAuts
     D:2: 201 daAuts
